[Event "Late-Titled-Tuesday-Blitz-March-19-2024"]
[Site "Chess.com"]
[Date "2024.03.19"]
[Round "1"]
[White "OverallStranger"]
[Black "Romkachess"]
[Result "0-1"]
[WhiteElo "2396"]
[BlackElo "2709"]
[TimeControl "180+1"]
[EndTime "14:06:42 PDT"]
[Termination "Romkachess won by resignation"]

1. e4 c5 2. Nc3 d6 3. f4 Nc6 4. Nf3 g6 5. Bc4 Bg7 6. O-O e6 7. d4 cxd4 8. Nb5 Nge7 9. Bb3 O-O 10. Nbxd4 Nxd4 11. Nxd4 Nc6 12. Be3 Bd7 13. Qd2 a6 14.
Rad1 Rc8 15. c3 Na5 16. Rf3 Nc4 17. Bxc4 Rxc4 18. Rh3 b5 19. f5 exf5 20. exf5 Re8 21. Bh6 Be5 22. fxg6 hxg6 23. Rf1 Bxh3 24. Qf2 Bxd4 25.
cxd4 Be6 26. h4 f5 27. h5 Kh7 28. Qf4 Qf6 29. hxg6+ Kxg6 30. Qg3+ Kxh6 31. Rf4 Rc1+ 32. Kf2 Qg5 33. Qe3 Kg6 34. Qxc1 Bd5 35. g3 Re4 36.
Qc8 Rxf4+ 37. gxf4 Qxf4+ 38. Ke2 Qe4+ 39. Kd2 Qxd4+ 40.
Ke2 Qc4+ 41. Qxc4 Bxc4+ 42. Ke3 Bxa2 43. Kd4 Bf7 0-1

[Event "Late-Titled-Tuesday-Blitz-March-19-2024"]
[Site "Chess.com"]
[Date "2024.03.19"]
[Round "1"]
[White "xxysoul6"]
[Black "Rawnsdale"]
[Result "1-0"]
[WhiteElo "2949"]
[BlackElo "2531"]
[TimeControl "180+1"]
[EndTime "14:06:46 PDT"]
[Termination "xxysoul6 won by resignation"]

1. d4 d5 2. Nf3 e6 3. c3 Be7 4. Qc2 Nf6 5. Bg5 Ne4 6. Bxe7 Qxe7 7. Nbd2 f5 8. Ne5 Nd7 9. Ndf3 O-O 10. g3 c6 11. Bg2 Ndf6 12. O-O Bd7 13. Nd3 Be8 14. Nfe5 Bg6 15. a4 Ng4 16. a5 a6 17. Rad1 Qg5 18.
Qa4 Qh5 19. h3 Nxe5 20. Nxe5 Qxe2 21. Qb4 f4 22. Rde1 Qb5 23. Qxb5 axb5 24. Nxg6 hxg6 25. Bxe4 dxe4 26. Rxe4 fxg3 27. fxg3 Rxf1+ 28. Kxf1 Kf7 29. b4 Rh8 30. h4 Rh5 31. Kg2 Kf6 32. Re1 e5 33. g4 Rxh4 34. Kg3 Rh8 35. Rxe5 Rh1 36. g5+ Kf7 37. d5 cxd5 38. Rxd5 Ke6 39. Rxb5 Rc1 40.
Rxb7 Rxc3+ 41. Kf4 Rc4+ 42. Ke3 Kf5 43. a6 Rc3+ 44.
Kd4 Ra3 45. a7 Kxg5 46. Rb5+ 1-0

[Event "Late-Titled-Tuesday-Blitz-March-19-2024"]
[Site "Chess.com"]
[Date "2024.03.19"]
[Round "1"]
[White "czasnaszachy"]
[Black "Jagerrmeisterr"]
[Result "0-1"]
[WhiteElo "2433"]
[BlackElo "2756"]
[TimeControl "180+1"]
[EndTime "14:06:47 PDT"]
[Termination "Jagerrmeisterr won on time"]

1. e4 c6 2. d4 d5 3. e5 c5 4. Nf3 Nc6 5. dxc5 Bg4 6. c3 a6 7.
Be3 Bxf3 8. Qxf3 Nxe5 9. Qg3 Nc6 10. Nd2 Nf6 11. Bd3 e5 12. O-O Qd7 13. b4 e4 14. Be2 h5 15. h3 h4 16. Qh2 Be7 17.
Nb3 Kf8 18. a4 Nd8 19. b5 Ne6 20. bxa6 bxa6 21. Rfd1 Qc8 22. c4 Nxc5 23. Nxc5 Bxc5 24. cxd5 Bxe3 25. fxe3 Qc5 26. Rd4 Qc3 27. Rad1 Qxe3+ 28. Kf1 Nh5 29. d6 Ng3+ 30. Qxg3 hxg3 0-1

[Event "Late-Titled-Tuesday-Blitz-March-19-2024"]
[Site "Chess.com"]
[Date "2024.03.19"]
[Round "1"]
[White "newyorkmouse"]
[Black "rhwr"]
[Result "1-0"]
[WhiteElo "2656"]
[BlackElo "2327"]
[TimeControl "180+1"]
[EndTime "14:06:48 PDT"]
[Termination "newyorkmouse won on time"]

1. e4 c5 2. Nf3 d6 3. Bb5+ Nd7 4.
c4 a6 5. Ba4 Nf6 6. Nc3 e5 7.
O-O Be7 8. a3 O-O 9. b4 Nb6 10.
Bb3 cxb4 11. axb4 Qc7 12. d3 Bg4 13. Be3 Nbd7 14. h3 Bxf3 15. Qxf3 Rfc8 16. Rac1 Nf8 17. g4 Ne6 18. g5 Ne8 19. Nd5 Qd8 20. Nb6 Nxg5 21. Qg2 Ne6 22. Nxa8 Rxa8 23. c5 dxc5 24.
bxc5 Qxd3 25. Bd5 Rb8 26. Rfd1 Qa3 27. Ra1 Qb2 28. Rdb1 Qe2 29. Rxb7 Rxb7 30. Bxb7 Nxc5 31. Bd5 Nf6 32. Rb1 Ncd7 33. Kh2 h5 34. Bh6 Bf8 35. Rb7 h4 36. Bg5 1-0

[Event "Late-Titled-Tuesday-Blitz-March-19-2024"]
[Site "Chess.com"]
[Date "2024.03.19"]
[Round "1"]
[White "HaryKane"]
[Black "FredddieCroderg"]
[Result "0-1"]
[WhiteElo "2594"]
[BlackElo "2266"]
[TimeControl "180+1"]
[EndTime "14:06:48 PDT"]
[Termination "FredddieCroderg won by resignation"]

1. d4 d5 2. e3 Nf6 3. f4 e6 4.
Nf3 Bd6 5. Bd3 O-O 6. O-O c5 7. c3 Nc6 8. Ne5 Ne7 9. Nd2 b6 10. Rf3 Bb7 11. Rh3 Ne4 12. Qh5 h6 13. Bxe4 dxe4 14. g4 f6 15. Ng6 Nxg6 16. Qxg6 Qe8 17. Qxe8 Raxe8 18. b3 cxd4 19. cxd4 e5 20. Nc4 Bb8 21.
Ba3 Rf7 22. dxe5 fxe5 23. f5 Bd5 24. Nd6 Bxd6 25. Bxd6 Rd7 26. Bb4 Bc6 27. Rg3 a5 28. Bc3 Rd3 29. Rc1 a4 30. h4 axb3 31. axb3 Bd5 32. b4 Rc8 33. g5 hxg5 34. Rxg5 Kf7 35. Rxg7+ Kf8 36. Rd7 Ke8 37. Rd6 Ke7 38. Rxb6 Rcxc3 39. Rxc3 Rxc3 40. Kf2 Rc2+ 41. Kg3 Re2 42. h5 Rxe3+ 43.
Kh4 Rf3 44. Kg5 e3 45. f6+ Kf7 46. Ra6 e2 47. Ra7+ Ke6 48. Ra1 Rf1 49. Ra6+ Kd7 0-1

[Event "Late-Titled-Tuesday-Blitz-March-19-2024"]
[Site "Chess.com"]
[Date "2024.03.19"]
[Round "1"]
[White "MalyDominator"]
[Black "GMBenjaminBok"]
[Result "0-1"]
[WhiteElo "2538"]
[BlackElo "2963"]
[TimeControl "180+1"]
[EndTime "14:06:50 PDT"]
[Termination "GMBenjaminBok won by resignation"]

1. Nf3 d5 2. g3 c6 3. Bg2 Bg4 4.
h3 Bh5 5. d3 Nf6 6. g4 Bg6 7.
Ne5 Nbd7 8. f4 Nxe5 9. fxe5 Nd7 10. Bf4 Qb6 11. Qc1 e6 12. Nc3 Be7 13. Bg3 h5 14. g5 h4 15. Bf2 Qc7 16. d4 c5 17. e4 cxd4 18. Bxd4 dxe4 19. Nxe4 Nxe5 20. O-O O-O-O 21. Bxa7 b6 22. Qf4 Nc6 23. Bxb6 Qxb6+ 24. Kh1 Nd4 25. Rf3 Nxf3 26. Bxf3 Rd7 27. a4 Rhd8 28. a5 Qxb2 29. Ra4 Qb1+ 0-1

[Event "Late-Titled-Tuesday-Blitz-March-19-2024"]
[Site "Chess.com"]
[Date "2024.03.19"]
[Round "1"]
[White "Alex_Sahakyan2006"]
[Black "Practical-Play"]
[Result "1-0"]
[WhiteElo "2811"]
[BlackElo "2487"]
[TimeControl "180+1"]
[EndTime "14:06:51 PDT"]
[Termination "Alex_Sahakyan2006 won on time"]

1. e4 e5 2. Nf3 Nc6 3. Nc3 Nf6 4. d4 exd4 5. Nxd4 Bc5 6. Nb3 Bb6 7. Qe2 d6 8. Be3 Bxe3 9. Qxe3 O-O 10. O-O-O a5 11. a4 Be6 12. f3 Re8 13. Nd4 Nxd4 14. Qxd4 Nd7 15. Bb5 Qg5+ 16. Kb1 Red8 17. h4 Qc5 18. Qd2 c6 19. Be2 Ne5 20. h5 b5 21. h6 b4 22. Qg5 Ng6 23. Qxc5 dxc5 24. Na2 Nf4 25. Ba6 gxh6 26. Bb7 Rab8 27. Bxc6 c4 28. Nc1 Kg7 29. g3 Ng6 30. f4 Ne7 31. Bb5 Bg4 32. Rdf1 c3 33.
bxc3 bxc3 34. f5 Ng8 35. e5 f6 36. Rf4 h5 37. Nd3 fxe5 38. Nxe5 Nf6 39. Nc6 Rdc8 40.
Nxb8 Rxb8 41. Re1 Nd5 42. Rd4 Nb4 43. Re3 Bxf5 44. Rxc3 1-0

[Event "Late-Titled-Tuesday-Blitz-March-19-2024"]
[Site "Chess.com"]
[Date "2024.03.19"]
[Round "1"]
[White "VanRommel28"]
[Black "FaustinoOro"]
[Result "0-1"]
[WhiteElo "2502"]
[BlackElo "2861"]
[TimeControl "180+1"]
[EndTime "14:06:52 PDT"]
[Termination "FaustinoOro won by resignation"]

1. d4 Nf6 2. Nf3 d5 3. Bf4 g6 4. Nc3 c6 5. e3 Bg7 6. h4 h5 7. Be2 Bg4 8. Ne5 Bxe2 9. Qxe2 Nbd7 10. O-O-O e6 11. f3 Qa5 12. g4 Nxe5 13. Bxe5 Rg8 14. Bxf6 Bxf6 15. gxh5 gxh5 16. f4 Rh8 17. f5 O-O-O 18.
fxe6 fxe6 19. Rdf1 Rdf8 20. Qh2 Qd8 21. Qh3 Qd7 22.
Ne2 e5 23. Qh2 Qe7 24. Qh3+ Kb8 25. Ng3 exd4 26. Nf5 Qe4 27. exd4 Bxd4 28. Nxd4 Qxd4 29. Qg3+ Ka8 30. Qd6 Rxf1+ 31. Rxf1 a6 32. b3 Qa1+ 0-1

[Event "Late-Titled-Tuesday-Blitz-March-19-2024"]
[Site "Chess.com"]
[Date "2024.03.19"]
[Round "1"]
[White "Yan_Dyomin2010"]
[Black "semchik73"]
[Result "1-0"]
[WhiteElo "2742"]
[BlackElo "2425"]
[TimeControl "180+1"]
[EndTime "14:06:52 PDT"]
[Termination "Yan_Dyomin2010 won by resignation"]

1. e4 Nf6 2. e5 Nd5 3. d4 d6 4.
Bc4 dxe5 5. dxe5 e6 6. Nf3 c6 7.
O-O Be7 8. Qe2 O-O 9. Rd1 Qc7 10. Nbd2 Nf4 11. Qe4 Ng6 12. Nf1 Nd7 13. Bf4 b5 14. Be2 Nxf4 15. Qxf4 f6 16. Qg3 Nxe5 17. Nxe5 Qxe5 18.
Qxe5 fxe5 19. Bf3 Bc5 20. Ne3 Bb7 21. Rd7 Rf7 22. Rad1 Raf8 23. Ng4 Bd4 24. Rxf7 Rxf7 25. c3 h5 26. cxd4 hxg4 27. Bxg4 Bc8 28. dxe5 Rf8 29. Rd6 Kf7 30. g3 Ke7 31. h4 Bd7 32. f4 a5 33. Kf2 b4 34. Ke3 c5 35. Be2 Rc8 36. Bc4 a4 37. Kf3 a3 38. b3 Bc6+ 39. Ke3 Bd5 40.
Bxd5 exd5 41. Rxd5 c4 42. bxc4 Rxc4 43. Rb5 Kd7 44. g4 Kc6 45. Rb8 Kc7 46. Rg8 Rc2 47. Rxg7+ Kc6 48. Ra7 Rxa2 49. e6 Ra1 50. Kf2 Kd6 51.
e7 Ra2+ 52. Kf3 Ra1 53. e8=Q a2 54. Qd8+ Kc5 55. Qc7+ Kd4 56. Qg7+ Kc4 57. Qxa1 1-0

[Event "Late-Titled-Tuesday-Blitz-March-19-2024"]
[Site "Chess.com"]
[Date "2024.03.19"]
[Round "1"]
[White "VincentKeymer"]
[Black "masnyszachistaaa"]
[Result "1-0"]
[WhiteElo "3057"]
[BlackElo "2552"]
[TimeControl "180+1"]
[EndTime "14:06:53 PDT"]
[Termination "VincentKeymer won by checkmate"]

1. a3 d5 2. Nf3 Nf6 3. e3 c6 4. c4 a6 5. b4 Bg4 6. Bb2 Nbd7 7. d3 e6 8. Nbd2 Bd6 9. Be2 O-O 10. h3 Bh5 11. g4 Bg6 12. h4 h6 13. h5 Bh7 14.
g5 hxg5 15. Nxg5 e5 16. Rg1 Kh8 17. Qc2 Qe7 18. h6 gxh6 19. Nxh7 Nxh7 20. Rh1 Rg8 21. O-O-O Qe6 22. c5 Bf8 23. Rh4 b6 24. cxb6 Nxb6 25. Rdh1 Nd7 26. f4 f6 27. fxe5 fxe5 28. Nf3 Bg7 29.
e4 a5 30. Qd2 axb4 31. axb4 c5 32. Rxh6 Bxh6 33. Rxh6 Qe7 34. Qf4 d4 35. Qh2 cxb4 36.
Nxd4 Rac8+ 37. Kb1 Qg7 38. Bd1 Qg1 39. Rxh7# 1-0

[Event "Late-Titled-Tuesday-Blitz-March-19-2024"]
[Site "Chess.com"]
[Date "2024.03.19"]
[Round "1"]
[White "Vadim_Galchenko"]
[Black "Lord_of_the_Vision"]
[Result "1-0"]
[WhiteElo "2617"]
[BlackElo "2246"]
[TimeControl "180+1"]
[EndTime "14:06:54 PDT"]
[Termination "Vadim_Galchenko won on time"]

1. e4 e5 2. Nc3 Nc6 3. Bc4 Bc5 4. Qg4 Qf6 5. Nd5 Qxf2+ 6. Kd1 Nge7 7. Nxc7+ Kf8 8. Nxa8 d5 9. Qf3 dxc4 10. Qxf2 Bxf2 11. Nc7 Bg4+ 12. Nf3 Nd4 13. h3 Bh5 14. g4 Bg6 15. Nxd4 exd4 16. Rf1 Bg3 17. Ne6+ Kg8 18. Nxd4 Bxe4 19.
d3 Bg6 20. Bf4 Bh4 21. dxc4 h5 22. g5 Kh7 23. Nf3 Rd8+ 24. Ke2 Nf5 25. Nxh4 Nxh4 26.
Rad1 Re8+ 27. Kd2 Nf5 28. Rfe1 Rc8 29. b3 f6 30. gxf6 gxf6 31. Re6 Kg7 32. Rde1 Kf7 33. Kc3 b5 34. Ra6 bxc4 35. Rxa7+ Kg8 36. b4 Ng7 37.
Ree7 1-0

[Event "Late-Titled-Tuesday-Blitz-March-19-2024"]
[Site "Chess.com"]
[Date "2024.03.19"]
[Round "1"]
[White "Kostukov_Alex"]
[Black "Mikasinski"]
[Result "0-1"]
[WhiteElo "2267"]
[BlackElo "2626"]
[TimeControl "180+1"]
[EndTime "14:06:55 PDT"]
[Termination "Mikasinski won by resignation"]

1. g3 e5 2. Bg2 d5 3. c4 c6 4. cxd5 cxd5 5. d4 exd4 6. Nf3 Nc6 7. Nxd4 Nf6 8. O-O Be7 9. Nc3 O-O 10. Bf4 Qb6 11.
Nxc6 bxc6 12. Na4 Qa6 13. Rc1 Bg4 14. Re1 Bb4 15. Bd2 Bxd2 16. Nc5 Qa5 17. Nb3 Bxe1 18. Nxa5 Bxa5 19. Rxc6 Rfe8 20. f3 Be6 21. Bf1 Rac8 22.
Qc2 Rxc6 23. Qxc6 Rc8 24. Qa4 Bb6+ 25. Kg2 d4 26. g4 Nd5 27. Kg3 h6 28. h4 Rc1 29.
Bh3 Bc7+ 30. Kf2 Bf4 31. Qe8+ Kh7 32. g5 Be3+ 33. Kg3 Bf4+ 34. Kf2 Bxh3 35. Qe7 Nxe7 0-1

[Event "Late-Titled-Tuesday-Blitz-March-19-2024"]
[Site "Chess.com"]
[Date "2024.03.19"]
[Round "1"]
[White "Leo_C"]
[Black "trriinu"]
[Result "1-0"]
[WhiteElo "2635"]
[BlackElo "2290"]
[TimeControl "180+1"]
[EndTime "14:06:57 PDT"]
[Termination "Leo_C won by resignation"]

1. e4 d5 2. exd5 Qxd5 3. h3 Nf6 4. Nf3 Nc6 5. Nc3 Qd6 6. d4 Bf5 7. Bb5 a6 8. Ba4 O-O-O 9. O-O Nxd4 10. Nxd4 Qxd4 11. Qf3 Be4 12. Qg3 e6 13. Be3 Qb4 14. a3 Qd6 15. Bf4 Qb6 16. Nxe4 Nxe4 17. Qf3 Nf6 18.
b4 Bd6 19. Be3 c5 20. bxc5 Bxc5 21. Rab1 Bxe3 22. Rxb6 Bxb6 23. Rb1 Rd6 24. c4 Rhd8 25. c5 Rd3 26. Qe2 Bxc5 27. Qc2 Ne4 28. Re1 b6 29. Rxe4 Rd1+ 30. Qxd1 Rxd1+ 31. Bxd1 Kd7 32. a4 f5 33. Re2 Kd6 34. Bb3 e5 35. Bc2 e4 36. g4 g6 37. Kg2 Ke5 38. Bb3 Kf4 39. Bg8 h5 40. gxh5 gxh5 41. Rd2 h4 42. Rd5 a5 43.
Bh7 e3 44. Rxf5+ 1-0

[Event "Late-Titled-Tuesday-Blitz-March-19-2024"]
[Site "Chess.com"]
[Date "2024.03.19"]
[Round "1"]
[White "sjoerd893"]
[Black "mind1mover"]
[Result "0-1"]
[WhiteElo "2489"]
[BlackElo "2822"]
[TimeControl "180+1"]
[EndTime "14:06:58 PDT"]
[Termination "mind1mover won by resignation"]

1. e4 e5 2. Nf3 Nc6 3. Bc4 Bc5 4. c3 Qf6 5. d3 d6 6. Nbd2 Nge7 7. h3 Be6 8. b4 Bb6 9. a4 a5 10. b5 Nb8 11. O-O Nd7 12. Bxe6 fxe6 13. Nc4 h6 14. Be3 Bxe3 15. Nxe3 O-O 16. d4 Ng6 17. Qd2 Nf4 18. Kh2 Nxg2 19. Nxg2 Qxf3 20. Rae1 Rf7 21. Re3 Qh5 22. Rg3 Kh8 23. dxe5 Nxe5 24. f4 Raf8 25. Qd4 Ng6 26. f5 exf5 27. exf5 Rxf5 28. Rxf5 Rxf5 29. Qe4 Rg5 30. Rxg5 Qxg5 31. Qxb7 Qe5+ 32. Kg1 Qc5+ 33.
Kh1 Qxc3 34. Qc8+ Kh7 35. Qf5 Qa1+ 36. Kh2 Qe5+ 37. Qxe5 Nxe5 38. Nf4 c6 39. b6 Nd7 40. b7 Nb8 41. Kg3 Kg8 42. Kf3 Kf7 43. Ke4 Ke7 44.
Nd3 Kd7 45. Kf5 Kc7 46. Kg6 c5 47. Kxg7 c4 48. Nb2 d5 49. Kxh6 Kxb7 50. Kg5 Kc6 51. Kf5 Kc5 52. h4 Kd4 53. h5 c3 54. Nd1 c2 55.
Nc3 Kxc3 0-1

[Event "Late-Titled-Tuesday-Blitz-March-19-2024"]
[Site "Chess.com"]
[Date "2024.03.19"]
[Round "1"]
[White "MightyMike_009"]
[Black "Misterfox120"]
[Result "1-0"]
[WhiteElo "2764"]
[BlackElo "2453"]
[TimeControl "180+1"]
[EndTime "14:06:58 PDT"]
[Termination "MightyMike_009 won by resignation"]

1. d4 d5 2. c4 e6 3. Nc3 a6 4. cxd5 exd5 5. Nf3 c6 6. Bf4 Bd6 7. e3 Ne7 8. Bd3 O-O 9. Qc2 g6 10. Bg5 f6 11. Bh6 Re8 12. O-O-O Bf5 13. e4 dxe4 14. Nxe4 Nd5 15. Kb1 Nb4 16. Qb3+ Be6 17. Bc4 Bxc4 18. Qxc4+ Nd5 19. Rhe1 Be7 20. Nc3 Qd6 21. Ne4 Qd8 22.
Re2 Nd7 23. Rde1 Bf8 24. Bxf8 Rxf8 25. Nd6 Nb6 26. Qc5 Qd7 27. Nd2 Rad8 28. N6c4 Nxc4 29. Qxc4 Rfe8 30. Ne4 Kg7 31. Ka1 f5 32. Nc5 Rxe2 33. Rxe2 Qf7 34. Ne6+ Kh8 35. Nxd8 1-0

[Event "Late-Titled-Tuesday-Blitz-March-19-2024"]
[Site "Chess.com"]
[Date "2024.03.19"]
[Round "1"]
[White "MKlose11"]
[Black "Englishman_18"]
[Result "1-0"]
[WhiteElo "2627"]
[BlackElo "2265"]
[TimeControl "180+1"]
[EndTime "14:06:58 PDT"]
[Termination "MKlose11 won on time"]

1. e4 c5 2. Nc3 d6 3. g3 g6 4. d3 Bg7 5. Bg2 e6 6. Be3 Nc6 7. Qd2 Rb8 8. Nge2 Bd7 9. O-O b5 10. d4 b4 11. Nd1 cxd4 12. Nxd4 Nge7 13. Nxc6 Bxc6 14. Bxa7 Rb7 15. Bd4 e5 16. Be3 O-O 17. c3 d5 18. exd5 Bxd5 19. cxb4 Bxg2 20. Kxg2 Qa8 21. Kg1 Rd8 22. Qe1 Nd5 23. Bc5 Rbd7 24. a3 h5 25. Qe4 f5 26. Qc4 Kh7 27. Nc3 Nxc3 28. bxc3 Bf6 29. h4 Rd3 30. Be3 Qb7 31. a4 Kh8 32. b5 Kg7 33. a5 f4 34. gxf4 Bxh4 35. Qc6 Qb8 36. fxe5 1-0

[Event "Late-Titled-Tuesday-Blitz-March-19-2024"]
[Site "Chess.com"]
[Date "2024.03.19"]
[Round "1"]
[White "kleong12"]
[Black "Alex_Banzea"]
[Result "0-1"]
[WhiteElo "2008"]
[BlackElo "2581"]
[TimeControl "180+1"]
[EndTime "14:06:58 PDT"]
[Termination "Alex_Banzea won on time"]

1. d4 Nf6 2. Bf4 g6 3. Nf3 Bg7 4. e3 d6 5. Be2 Nh5 6. Bg5 h6 7. Bh4 g5 8. Bg3 Bf5 9. Nbd2 Nd7 10. e4 Bg6 11. c3 c5 12. O-O Nxg3 13. hxg3 O-O 14. a4 cxd4 15. cxd4 Rc8 16. Qb3 Qb6 17. Qxb6 axb6 18. Rfc1 Nf6 19. e5 Ne4 20. Nc4 dxe5 21. dxe5 Rcd8 22. Nxb6 Nd2 23. Nc4 Nb3 24. Rd1 Nxa1 25.
Rxa1 Bd3 26. Bxd3 Rxd3 27. Rc1 Rc8 28. Re1 Rxc4 29. e6 Rxa4 30. exf7+ Kxf7 0-1

[Event "Late-Titled-Tuesday-Blitz-March-19-2024"]
[Site "Chess.com"]
[Date "2024.03.19"]
[Round "1"]
[White "TenisMaster"]
[Black "MaxLeto"]
[Result "1-0"]
[WhiteElo "2854"]
[BlackElo "2498"]
[TimeControl "180+1"]
[EndTime "14:06:59 PDT"]
[Termination "TenisMaster won on time"]

1. e4 c5 2. Nf3 d6 3. d4 cxd4 4. Nxd4 Nf6 5. Nc3 a6 6. Be3 Ng4 7. Bc1 Nf6 8. f3 b5 9. a4 b4 10. Nd5 e6 11. Nxf6+ Qxf6 12. Be3 Bb7 13. Qd2 d5 14.
Bg5 Qe5 15. Bf4 Qh5 16. O-O-O Nd7 17. g4 Qg6 18. e5 Nc5 19. b3 Be7 20. Kb1 h5 21. Rg1 hxg4 22. Rxg4 Qh7 23. Qxb4 Kf8 24. Qb6 a5 25. Bb5 g6 26. Bg5 Bxg5 27. Rxg5 Rc8 28. Nc6 Bxc6 29. Qxc5+ Kg7 30. Bxc6 Qh4 31. Rg4 Qxh2 32.
Qb6 Qxe5 33. Bb5 Qc3 34. Qd4+ 1-0

[Event "Late-Titled-Tuesday-Blitz-March-19-2024"]
[Site "Chess.com"]
[Date "2024.03.19"]
[Round "1"]
[White "Likvidator228"]
[Black "nihalsarin"]
[Result "0-1"]
[WhiteElo "2570"]
[BlackElo "3178"]
[TimeControl "180+1"]
[EndTime "14:07:00 PDT"]
[Termination "nihalsarin won on time"]

1. d4 a6 2. c4 b5 3. e4 bxc4 4. Bxc4 e6 5. Nc3 Bb7 6. Nge2 Nf6 7. f3 d5 8. exd5 Nxd5 9. O-O Be7 10. Qb3 Nb6 11.
Bd3 O-O 12. Be3 Nc6 13. Rfd1 Nb4 14. Be4 Rb8 15. a3 N4d5 16. Bf2 Qd7 17. Rac1 h6 18. Qc2 Bg5 19. Nxd5 Bxd5 20. Bxd5 Nxd5 21. Rb1 Qb5 22. h4 Be7 23. Rdc1 Bd6 24. Nc3 Qc4 25.
Nxd5 Qxd5 26. Qc6 Qf5 27. b4 Qf4 28. Kf1 Qh2 29. Qxa6 Qh1+ 30. Bg1 Bh2 31. Kf2 Bxg1+ 32. Rxg1 Qxh4+ 33. Ke2 Qxd4 34. Qd3 Qh4 35. Rgc1 Qg5 36. Kf2 Rfd8 37. Qf1 Rd2+ 38. Kg1 Qe3+ 39. Kh1 Rd5 40. g4 Qxa3 41. Rxc7 Rxb4 42. Rxb4 Qxb4 43. Rc8+ Kh7 0-1

[Event "Late-Titled-Tuesday-Blitz-March-19-2024"]
[Site "Chess.com"]
[Date "2024.03.19"]
[Round "1"]
[White "ElDivis"]
[Black "kids2010"]
[Result "0-1"]
[WhiteElo "2456"]
[BlackElo "2767"]
[TimeControl "180+1"]
[EndTime "14:07:00 PDT"]
[Termination "kids2010 won by checkmate"]

1. d4 d5 2. Nf3 Nf6 3. c4 e6 4. e3 c6 5. Nbd2 Nbd7 6. Bd3 Bd6 7. e4 dxe4 8. Nxe4 Nxe4 9. Bxe4 Nf6 10. Bc2 h6 11.
O-O O-O 12. Re1 c5 13. Be3 b6 14. Qd2 Ng4 15. dxc5 Bxc5 16. Bxc5 bxc5 17. Qf4 Nf6 18. Rad1 Qb6 19. b3 Bb7 20. Ne5 Rad8 21. h4 Qc7 22. f3 Rxd1 23. Rxd1 Rd8 24. Rxd8+ Qxd8 25. Nd3 Nh5 26.
Qe5 Qxh4 27. Qb8+ Kh7 28. Qxb7 Ng3 29. Nf4+ f5 30. Nxe6 Ne2+ 31. Kf1 Ng3+ 32. Kg1 Ne2+ 33. Kf1 Ng3+ 34. Ke1 Ne4+ 35. Kd1 Qh1+ 36. Ke2 Qxg2+ 37. Ke1 Qd2+ 38. Kf1 Qf2# 0-1

[Event "Late-Titled-Tuesday-Blitz-March-19-2024"]
[Site "Chess.com"]
[Date "2024.03.19"]
[Round "1"]
[White "Chempiblinka"]
[Black "dcremisi"]
[Result "0-1"]
[WhiteElo "2331"]
[BlackElo "2656"]
[TimeControl "180+1"]
[EndTime "14:07:02 PDT"]
[Termination "dcremisi won on time"]

1. Nf3 d5 2. g3 Nf6 3. Bg2 g6 4.
c4 Bg7 5. O-O O-O 6. d4 dxc4 7.
Na3 c5 8. Nxc4 cxd4 9. Nxd4 Qc7 10. Na3 Bd7 11. Bf4 e5 12. Ndb5 Bxb5 13. Nxb5 Qb6 14. Nd6 exf4 15. Bxb7 Na6 16. Bxa8 Rxa8 17. Nc4 Qc5 18. Rc1 fxg3 19. hxg3 Qh5 20. Kg2 Ng4 21. Rh1 Qc5 22. e3 h5 23. b3 Re8 24. Qf3 Nb4 25.
Rhd1 Nxa2 26. Nd6 Nxc1 27. Qxf7+ Kh7 28. Nxe8 Qc6+ 29. Rd5 Qc3 30. Rd7 Qc6+ 31. Rd5 Qc3 32. Rc5 Qb2 33. Rc7 Nxe3+ 34. Kh1 Nf5 35. Nxg7 Nxg7 36.
Rc6 Qb1 37. Rc7 Nd3+ 38. Kg2 Qb2 39. Rc6 Ne5 0-1

[Event "Late-Titled-Tuesday-Blitz-March-19-2024"]
[Site "Chess.com"]
[Date "2024.03.19"]
[Round "1"]
[White "JiiHart"]
[Black "Jimonios"]
[Result "0-1"]
[WhiteElo "2205"]
[BlackElo "2607"]
[TimeControl "180+1"]
[EndTime "14:07:03 PDT"]
[Termination "Jimonios won by checkmate"]

1. e4 a6 2. d4 c6 3. Bd3 h6 4.
Qe2 e6 5. Nf3 g6 6. e5 Bg7 7. h4 Ne7 8. h5 g5 9. g4 d6 10. exd6 Qxd6 11. c3 Nd7 12. Nbd2 Nd5 13. Ne4 Qc7 14. a4 Nf4 15. Bxf4 Qxf4 16. Qe3 Qc7 17. a5 Kf8 18. O-O Nf6 19. Nxf6 Bxf6 20.
Nd2 Kg7 21. Ne4 Be7 22. f4 gxf4 23. Rxf4 e5 24. Rf5 Bxf5 25. gxf5 Rag8 26. Kh1 Kf8 27. f6 Bd8 28. Rb1 Rg4 29. Qh3 Qc8 30. Nf2 Rhg8 31. Nxg4 Rxg4 32. dxe5 Rg1+ 33. Kh2 Qxh3+ 34.
Kxh3 Rg5 35. Kh4 Rxe5 36. Rg1 Bxf6+ 37. Kh3 Rxh5+ 38. Kg2 Rxa5 39. Kf3 Rg5 40. Re1 Be5 41. Ke4 Bc7 42. b3 Re5+ 43. Kd4 Rxe1 44. c4 b6 45. b4 Be5# 0-1

[Event "Late-Titled-Tuesday-Blitz-March-19-2024"]
[Site "Chess.com"]
[Date "2024.03.19"]
[Round "1"]
[White "Keks2017"]
[Black "mitrabhaa"]
[Result "0-1"]
[WhiteElo "2548"]
[BlackElo "3056"]
[TimeControl "180+1"]
[EndTime "14:07:04 PDT"]
[Termination "mitrabhaa won by resignation"]

1. g3 d5 2. Bg2 e5 3. d3 c6 4. Nf3 Bd6 5. O-O Nf6 6. Nbd2 O-O 7.
e4 Re8 8. b3 Bg4 9. h3 Bh5 10.
Bb2 Nbd7 11. Qe1 a5 12. a3 Qc7 13. Nh4 Nf8 14. Nf5 Bc5 15. c3 Rad8 16. b4 Ba7 17. Nb3 a4 18. Nd2 Ne6 19. c4 dxe4 20. Nxe4 Nxe4 21.
dxe4 Bd4 22. Qc1 Rd7 23. Qc2 Bxb2 24. Qxb2 Nd4 25. Nxd4 Rxd4 26. Qc2 Ra8 27. c5 Qd7 28. g4 Bg6 29. Rad1 f6 30. Rxd4 exd4 31. Qd3 Bf7 32. Rd1 Rd8 33. Rd2 Qc7 34. Qe2 Qf4 35. Qd1 Bb3 36.
Qe1 h6 37. Qe2 g5 38. Qe1 Kg7 39. Qe2 Bf7 40. Qd1 Bb3 41. Qe2 Kf7 42. Qe1 Ke6 43. Qe2 Ke5 44. Qe1 Ke6 45. Qe2 Qe5 46. Qd3 Ke7 47.
Bf1 h5 48. Qf3 hxg4 49. hxg4 Rh8 50. Bg2 Qh2+ 51. Kf1 Bc4+ 52. Ke1 Qg1+ 0-1

[Event "Late-Titled-Tuesday-Blitz-March-19-2024"]
[Site "Chess.com"]
[Date "2024.03.19"]
[Round "1"]
[White "CheckThis4"]
[Black "FREZZY23"]
[Result "1-0"]
[WhiteElo "2696"]
[BlackElo "2384"]
[TimeControl "180+1"]
[EndTime "14:07:04 PDT"]
[Termination "CheckThis4 won on time"]

1. e4 c5 2. Nf3 d6 3. d4 cxd4 4. Nxd4 Nf6 5. Nc3 a6 6. Bc4 e6 7.
Bb3 b5 8. Be3 Be7 9. f3 Qc7 10.
Qd2 Bd7 11. g4 Nc6 12. O-O-O Rc8 13. h4 b4 14. Nce2 e5 15. Nf5 Bxf5 16. exf5 d5 17.
g5 d4 18. Nxd4 exd4 19. Bf4 Qd7 20. gxf6 Bxf6 21. Rhe1+ Ne7 22. Bg5 Bxg5 23. Qxg5 Kf8 24. Rxd4 Qc7 25. f6 gxf6 26. Qxf6 Ng6 27. Red1 Re8 28.
h5 Qe7 29. Qb6 Qe3+ 30. Kb1 Ne5 31. Qd6+ Kg8 32. Re4 Qxf3 33. Rg1+ 1-0

[Event "Late-Titled-Tuesday-Blitz-March-19-2024"]
[Site "Chess.com"]
[Date "2024.03.19"]
[Round "1"]
[White "Koalaskakistis"]
[Black "Fandorine"]
[Result "0-1"]
[WhiteElo "2527"]
[BlackElo "2937"]
[TimeControl "180+1"]
[EndTime "14:07:05 PDT"]
[Termination "Fandorine won by resignation"]

1. d4 Nf6 2. Nc3 d5 3. Bf4 g6 4. e3 c6 5. h4 h5 6. Nf3 Bg4 7.
Be2 Bxf3 8. Bxf3 Nbd7 9. O-O Bg7 10. Re1 O-O 11. e4 dxe4 12. Nxe4 Nxe4 13. Bxe4 Nf6 14. Bf3 e6 15. c3 Re8 16. Bg5 Qc7 17. Qd2 Nd5 18. Bxd5 exd5 19. Bf4 Qd7 20. Rxe8+ Rxe8 21. Re1 Re4 22. g3 Qe6 23. Rxe4 dxe4 24. Qe3 f5 25. b3 b5 26. Kg2 Qd5 27. f3 a5 28. fxe4 fxe4 29.
Kf2 a4 30. c4 bxc4 31. bxc4 Qxd4 32. Qxd4 Bxd4+ 33. Ke2 Kf7 34. Be3 Be5 35. Bf4 Bxf4 36. gxf4 Ke6 37. Ke3 Kf5 38. a3 c5 39. Kf2 Kxf4 40.
Ke2 e3 41. Ke1 Ke4 42. Kf1 Kd3 43. Ke1 Kxc4 44. Ke2 Kd4 0-1